Map: Eternal Empire LE

Players

HuShang

  • Race: Zerg Zerg
  • League: Master
  • Spawn Location: 7:00

A.I. 1 (Very Easy) - Winner!

  • Race: Protoss Protoss
  • Spawn Location: 1:00

VOD

Have the link to the VOD?

Description

Time

  • Played on: Sept. 11, 2020, 5:07 p.m.
  • Length: 4:12
Show
View Real Time Build Order
Export as new Build Order

HuShang Zerg 

Build Orders: Hatch First 

Get SALT Encoding   

  6  0:01  Drone  
  13  0:13  Overlord  
  13  0:18  Drone  
  14  0:32  Drone x2  
  16  0:49  Hatchery  
  15  0:54  Drone  
  16  0:58  Drone  
  16  1:02  Drone  
  18  1:04  Extractor  
  17  1:19  Spawning Pool  
  17  1:21  Drone  
  17  1:24  Drone  
  18  1:29  Drone  
  19  2:06  Queen x2  
  19  2:08  Zergling x6  
  26  2:12  Metabolic Boost  
  26  2:14  Overlord  
  26  2:27  Baneling Nest  
  26  2:29  Zergling x4  
  27  2:42  Zergling x8  
  31  2:56  Zergling x6  
  34  3:02  Overlord  
  34  3:13  Baneling x5  
  34  3:20  Baneling  
  34  3:27  Zergling x8  
Show
View Real Time Build Order
Export as new Build Order

A.I. 1 (Very Easy) Protoss - Winner!

Build Orders: 1 Gate Expand, Nexus First 

Get SALT Encoding   

  6  0:00  Probe  
  13  0:13  Probe  
  14  0:19  Pylon  
  14  0:42  Gateway  
  14  1:02  Nexus  
  14  1:19  Pylon  
  14  1:21  Zealot  
  14  1:23  Assimilator  
  16  1:36  Cybernetics Core  
  16  1:38  Probe  
  17  1:50  Probe  
  18  2:00  Assimilator, Probe  
  19  2:08  Probe  
  19  2:14  Probe, Stalker  
  23  2:22  Probe  
  23  2:25  Warp Gate  
  23  2:27  Probe  
  25  2:38  Probe  
  26  2:51  Probe  
  26  2:53  Assimilator  
  26  2:56  Pylon  
  27  2:58  Probe  
  27  3:03  Probe  
  28  3:10  Probe  
  29  3:16  Probe  
  30  3:20  Robotics Facility  
  31  3:29  Zealot  
  31  3:30  Probe  
  34  3:38  Probe  
  34  3:45  Probe  
  35  3:52  Probe  
  32  3:59  Probe  
Tags
 
Add a new tag
Caveats
  • Supply blocks, unpowered buildings, or Contaminate may cause inaccurate times.
  • Supply counts are checked every 10 seconds.